 Dungeon Crawl Stone Soup version 0.32-a0-411-g744942f433 (webtiles) character file.

Game seed: 3019333762873983383

2802 greenreed the Ruffian (level 10, -2/75 HPs)
             Began as a Djinni Shapeshifter on Feb 20, 2024.
             Was an Initiate of Qazlal.
             Slain by a killer bee (8 damage)
             ... on level 7 of the Dungeon.
             The game lasted 00:13:11 (6721 turns).

greenreed the Ruffian (Djinni Shapeshifter)         Turns: 6721, Time: 00:13:12

Health: -2/75      AC:  4    Str: 17    XL:     10   Next: 2%
Gold:   190        EV: 13    Int: 12    God:    Qazlal [......] SH:  0 Dex: 13

rFire   + +          .
                       - Unarmed
rCold   . . .        (no shield)
rNeg    . . .        l - +1 leather armour {rC+}
rPois   ∞            (helmet currently unavailable)
rElec   .            (cloak currently unavailable)
rCorr   +            (gloves currently unavailable)
SInv    .            (boots unavailable)
Will    +....        (no amulet)
Stlth   +            g - ring of resist corrosion
HPRegen 0.32/turn    (no ring)
MPRegen 0.00/turn

%: infuse magic (-3 HP)
@: beast-form, flying
A: beast (slay +2), flying, sickness immunity, fire resistance 2, cold
vulnerability 1, float, innate caster, HP casting, extra vitality 1
a: Begin Untransformation, Renounce Religion


You were on level 7 of the Dungeon.
You worshipped Qazlal.
Qazlal was noncommittal.
You were a hulking beast.
You visited 2 branches of the dungeon, and saw 8 of its levels.
You also visited: Sewer.

You collected 190 gold pieces.

Inventory:

Hand Weapons
 e - a +2 whip of venom
Missiles
 b - a curare-tipped dart (quivered)
 s - a throwing net
 B - 2 darts of dispersal
Armour
 a - a +0 animal skin
 h - a +1 pair of gloves
 l - a +1 leather armour of cold resistance (worn)
 m - a +2 hat
 z - a +2 pair of gloves of hurling
Magical Staves
 w - a staff of conjuration
Jewellery
 g - a ring of resist corrosion (left hand)
 y - the amulet "Tevotouch" {Faith rCorr}
   (You took it off a gnoll on level 5 of the Dungeon)

   [amulet of faith]

   Faith:     It allows you to gain divine favour quickly.
   rCorr:     It protects you from acid and corrosion.
Talismans
 c - a beast talisman (active)
 d - a flux talisman
Wands
 p - a wand of quicksilver (8)
 A - a wand of mindburst (11)
 C - a wand of flame (8)
Scrolls
 f - a scroll of revelation {unknown}
 i - 10 scrolls of identify {unknown}
 n - a scroll of fog {unknown}
 r - a scroll of fear {unknown}
 t - a scroll of noise {unknown}
 D - a scroll of teleportation {unknown}
Potions
 j - 4 potions of curing
 k - 2 potions of attraction {unknown}
 o - 2 potions of ambrosia {unknown}
 q - 2 potions of enlightenment
 u - a potion of might {unknown}
 v - a potion of mutation {unknown}
 x - a potion of haste {unknown}
 E - a potion of degeneration {unknown}


   Skills:
 * Level 7.1 Fighting
 + Level 5.8 Dodging
 * Level 7.7 Unarmed Combat
 + Level 3.1 Spellcasting
 + Level 3.1 Conjurations
 + Level 3.1 Hexes
   Level 0.0 Charms
 + Level 3.1 Summonings
 + Level 3.1 Necromancy
 + Level 3.1 Translocations
   Level 0.0 Transmutations
 + Level 3.1 Fire Magic
 + Level 3.1 Ice Magic
 + Level 3.1 Air Magic
 + Level 3.1 Earth Magic
 + Level 3.1 Alchemy
 + Level 5.0 Shapeshifting


You knew the following spells:

 Your Spells              Type           Power      Damage    Failure   Level
a - Necrotise             Necr           36%        1d5       9%          1
b - Searing Ray           Conj           18%        2d5       13%         2
c - Scorch                Fire           18%        2d5       13%         2
d - Frozen Ramparts       Ice            18%        1d3       26%         3
Your spell library was empty.

Dungeon Overview and Level Annotations

Branches:
Dungeon (7/15)             Temple (1/1) D:6           Sewer (visited)

Altars:
Ashenzari
Cheibriados
Dithmenos
Elyvilon
Fedhas
Gozag
Hepliaklqana
Makhleb
Nemelex Xobeh
Okawaru
Qazlal
Ru
Trog
Uskayaw
Wu Jian
Xom
Yredelemnul
Zin
The Shining One

Annotations:
D:5 3 runed translucent doors, Zeldest's ghost, novice MDFi; aheadsounds's ghost, weakling FeDe; pokeman's ghost, amateur DEHW; zenocrate's ghost, weakling DsDe


Innate Abilities, Weirdness & Mutations

You are a hulking beast.
Your limbs bulge with bestial killing power. (Slay +2)
You are flying.
You are immune to sickness and miasma.
You are immune to poison.
Your flesh is very heat resistant. (rF++)
You are vulnerable to cold. (rC-)
You float through the air rather than walking.
You learn spells naturally, not from books.
Your magical power is your life essence.
You have superior vitality. (+4 MHP)


Message History

You punch the iguana! You punch the iguana.
The iguana is severely wounded.
The iguana misses you.
You hit the iguana.
The iguana is almost dead.
The iguana bites you!
You are too injured to fight recklessly!
You are too injured to fight recklessly!
You are too injured to fight recklessly!
You are too injured to fight recklessly!
You punch the iguana!
You kill the iguana!
Qazlal accepts your kill.
Your Shapeshifting skill increases to level 5!
You hit the killer bee.
The killer bee is lightly wounded.
The killer bee barely misses you. x2
You barely miss the killer bee.
The killer bee is lightly wounded.
The killer bee stings you. x2
You hit the killer bee.
The killer bee is moderately wounded.
The killer bee stings you but does no damage.
The killer bee stings you.
You completely miss the killer bee.
The killer bee is moderately wounded.
The killer bee stings you!
* * * LOW HITPOINT WARNING * * *
You hit the killer bee but do no damage.
The killer bee is moderately wounded.
The killer bee stings you.
* * * LOW HITPOINT WARNING * * *
The killer bee stings you.
* * * LOW HITPOINT WARNING * * *
You closely miss the killer bee.
The killer bee is moderately wounded.
The killer bee stings you.
* * * LOW HITPOINT WARNING * * *
The killer bee stings you!
You die...

#.# # #.# #
#.#####.#####.##
.....<.........#
#.......<......#
.............#.#
#######.##......
#.# .[.### #h#
<... #y# .####
#.# . #.# #. #..
... ... ....


You could see a killer bee.

Vanquished Creatures
  A hornet (D:6)
  Sigmund (D:4)
  Eustachio (D:4)
  Menkaure (D:4)
  A water moccasin (D:5)
  Edmund (D:6)
  An orc warrior (D:6)
  3 ogres
  A centaur (D:6)
  Blork the orc (D:4)
  A kobold brigand (Sewer)
  A bullfrog (D:6)
  3 scorpions (D:6)
  3 killer bees (D:7)
  A howler monkey (D:6)
  A bombardier beetle (D:6)
  A hound (D:6)
  3 orc priests
  Jessica (D:3)
  5 iguanas
  Ijyb (D:3)
  Natasha (D:3)
  7 orc wizards
  Robin (D:3)
  11 gnolls
  9 adders
  4 river rats
  2 ufetubi (D:3)
  7 dart slugs
  2 ribbon worms
  16 orcs
  8 endoplasms
  3 giant cockroaches
  13 goblins
  13 hobgoblins
  4 jackals (D:1)
  9 kobolds
  5 quokkas
  9 ball pythons
  3 bats
  7 rats
167 creatures vanquished.

Notes
Turn   | Place    | Note
-------+----------+-------------------------------------------
     0 | D:1      | greenreed the Djinni Shapeshifter began the quest for the
                  | Orb.
     0 | D:1      | Reached XP level 1. HP: 17/17 MP: 0/0
    37 | D:1      | Reached XP level 2. HP: 19/22 MP: 0/0
   151 | D:1      | Reached XP level 3. HP: 18/28 MP: 0/0
   151 | D:1      | Learned a level 1 spell: Necrotise
   394 | D:1      | Found a faded altar of an unknown god.
   824 | D:1      | Reached XP level 4. HP: 22/33 MP: 0/0
  1549 | D:2      | Reached XP level 5. HP: 39/39 MP: 0/0
  1549 | D:2      | Learned a level 2 spell: Searing Ray
  1693 | D:3      | Noticed Jessica
  1702 | D:3      | Killed Jessica
  1783 | D:3      | Found a glowing drain.
  1799 | Sewer    | Entered a sewer
  1814 | Sewer    | Reached XP level 6. HP: 22/45 MP: 0/0
  2006 | Sewer    | Reached skill level 1 in Spellcasting
  2006 | Sewer    | Reached skill level 1 in Conjurations
  2006 | Sewer    | Reached skill level 1 in Hexes
  2006 | Sewer    | Reached skill level 1 in Summonings
  2006 | Sewer    | Reached skill level 1 in Necromancy
  2006 | Sewer    | Reached skill level 1 in Translocations
  2006 | Sewer    | Reached skill level 1 in Fire Magic
  2006 | Sewer    | Reached skill level 1 in Ice Magic
  2006 | Sewer    | Reached skill level 1 in Air Magic
  2006 | Sewer    | Reached skill level 1 in Earth Magic
  2006 | Sewer    | Reached skill level 1 in Alchemy
  2148 | Sewer    | Found a white marble altar of Elyvilon.
  2218 | D:3      | Noticed Ijyb
  2237 | D:3      | Killed Ijyb
  2762 | D:3      | Noticed Natasha
  2770 | D:3      | Killed Natasha
  2813 | D:3      | Found a snail-covered altar of Cheibriados.
  2992 | D:3      | Noticed Robin
  3002 | D:3      | Reached XP level 7. HP: 42/50 MP: 0/0
  3002 | D:3      | Learned a level 2 spell: Scorch
  3128 | D:3      | Killed Robin
  3354 | D:4      | Noticed Sigmund
  3510 | D:4      | Noticed Eustachio
  3523 | D:4      | Killed Eustachio
  3524 | D:4      | Reached skill level 5 in Unarmed Combat
  3742 | D:4      | Noticed Menkaure
  3751 | D:4      | Killed Menkaure
  3752 | D:4      | Reached XP level 8. HP: 38/58 MP: 0/0
  3869 | D:4      | Noticed Blork the orc
  3880 | D:4      | Killed Blork the orc
  4103 | D:4      | Killed Sigmund
  4104 | D:4      | Reached skill level 5 in Fighting
  4185 | D:4      | Found a shimmering altar of Xom.
  4452 | D:5      | Entered Level 5 of the Dungeon
  4847 | D:5      | Found a runed translucent gate.
  4847 | D:5      | Found a runed translucent gate.
  4847 | D:5      | Found a runed translucent gate.
  4847 | D:5      | Noticed Zeldest's ghost (novice MDFi)
  4847 | D:5      | Noticed zenocrate's ghost (weakling DsDe)
  4848 | D:5      | Noticed aheadsounds's ghost (weakling FeDe)
  4848 | D:5      | Noticed pokeman's ghost (amateur DEHW)
  4917 | D:5      | Reached XP level 9. HP: 54/65 MP: 0/0
  4917 | D:5      | Learned a level 3 spell: Frozen Ramparts
  5031 | D:5      | Found a sparkling altar of Nemelex Xobeh.
  5182 | D:5      | Identified the amulet "Tevotouch" {Faith rCorr}
  5417 | D:6      | Reached skill level 5 in Dodging
  5429 | D:6      | Noticed a hornet
  5442 | D:6      | Killed a hornet
  5939 | D:6      | Found a staircase to the Ecumenical Temple.
  5943 | Temple   | Entered the Ecumenical Temple
  5948 | Temple   | Became a worshipper of Qazlal Stormbringer
  6023 | D:6      | Noticed Edmund
  6032 | D:6      | Killed Edmund
  6357 | D:6      | Found a basalt altar of Yredelemnul.
  6534 | D:6      | Found an ornate altar of the Wu Jian Council.
  6713 | D:7      | Reached XP level 10. HP: 39/75 MP: 0/0
  6716 | D:7      | Reached skill level 5 in Shapeshifting
  6721 | D:7      | Slain by a killer bee

Illustrated notes

Levels and vault maps discovered:
D:1:      psy_arrival_statuary, layout_basic, basic_ecumenical_altar,
          nicolae_figureground_sparkle
D:2:      layout_loops_ring, minmay_misc_feat_pillars
D:3:      layout_loops_ring, slow_altar_2, portal_sewer_entry_b,
          chequers_serial_rivers_micro_b, uniq_jessica, uniq_ijyb, uniq_robin,
          uniq_natasha
D:4:      nicolae_BIG_FREAKIN_CUBE, layout_gridville,
          mainiacjoe_overflow_catwalk, uniq_eustachio, uniq_blork_the_orc,
          uniq_menkaure, uniq_sigmund
D:5:      layout_cave_pools, nemelex_dance_club_becter, gammafunk_ghost_cemetery
D:6:      layout_rooms, pdpol_wu_jian_five_deadly_venoms,
          mainiacjoe_overflow_24_doors, minmay_temple_entry_grid,
          minmay_misc_feat_iff, uniq_edmund
D:7:      layout_loops_ring, serial_bayou, serial_bayou_pond_d,
          serial_bayou_pond_c, serial_bayou_crossing, serial_bayou_lake_a,
          serial_bayou_pond_d, minmay_manual_monolith
Temple:   sentei_temple_godly_chess

Skill      XL: |  1  2  3  4  5  6  7  8  9 10 |
---------------+-------------------------------+-----
Fighting       | 2 3 4 5 7 |  7.1
Shapeshifting  | 3 4 5 |  5.0
Dodging        | 3 4 5 |  5.8
Unarmed Combat | 4 5 6 7 |  7.7
Spellcasting   | 1 2 3 |  3.1
Conjurations   | 1 2 3 |  3.1
Hexes          | 1 2 3 |  3.1
Summonings     | 1 2 3 |  3.1
Necromancy     | 1 2 3 |  3.1
Translocations | 1 2 3 |  3.1
Fire Magic     | 1 2 3 |  3.1
Ice Magic      | 1 2 3 |  3.1
Air Magic      | 1 2 3 |  3.1
Earth Magic    | 1 2 3 |  3.1
Alchemy        | 1 2 3 |  3.1

Action                     |  1- 3 |  4- 6 |  7- 9 | 10-12 || total
---------------------------+-------+-------+-------+-------++-------
  Melee: Unarmed           |    70 |   196 |   328 |     9 ||   603
         Punch             |       |     5 |    17 |     1 ||    23
  Evoke: Wand              |       |       |     7 |       ||     7
    Use: Potion            |       |     2 |       |       ||     2
   Stab: Sleeping          |     1 |     3 |       |       ||     4
 Armour: Animal skin       |    38 |     2 |       |       ||    40
         Leather armour    |       |   108 |   163 |    10 ||   281
         Skin              |       |    17 |       |       ||    17
  Dodge: Dodged            |    49 |   109 |   162 |     3 ||   323

Table legend: (Time is in decaauts)
 A = Elapsed time spent in this place.
 B = Non-inter-level travel time spent in this place.
 C = Inter-level travel time spent in this place.
 D = Time resting spent in this place.
 E = Time spent auto-exploring this place.
 F = Levels seen in this place.
 G = Mean time per level.
                   A        B        C        D        E       F      G
               +--------+--------+--------+--------+--------+-----+--------+
         Total |   6666 |   6361 |    305 |    602 |   4606 |   9 |  740.7 |
       Dungeon |   6274 |   5977 |    297 |    487 |   4430 |   7 |  896.3 |
        Temple |     10 |      2 |      8 |      0 |      0 |   1 |   10.0 |
         Sewer |    381 |    381 |      0 |    115 |    176 |   1 |  381.0 |
               +--------+--------+--------+--------+--------+-----+--------+

Top non-repeatable levels by time:
     D:3: 1243 daAuts
     D:5: 1137 daAuts
     D:6: 1067 daAuts
     D:4: 1048 daAuts
     D:1: 937 daAuts
     D:2: 813 daAuts
   Sewer: 381 daAuts
     D:7: 26 daAuts
  Temple: 10 daAuts
